 Dungeon Crawl Stone Soup version 0.24.0-123-gd5b16e6ec5 (webtiles) character file.

Game seed: 9066681926591916039, levelgen mode: deterministic

4965 Bluestream the Fighter (level 10, 0/95 HPs)
             Began as a Minotaur Fighter on Feb 2, 2020.
             Was a Follower of Makhleb.
             Succumbed to a killer bee's poison
             ... on level 9 of the Dungeon.
             The game lasted 00:15:56 (8604 turns).

Bluestream the Fighter (Minotaur Fighter)           Turns: 8604, Time: 00:15:56

Health: 0/95       AC:  9    Str: 24    XL:     10   Next: 28%
Magic:  9/9        EV:  9    Int:  5    God:    Makhleb [*.....]
Gold:   573        SH: 11    Dex: 10    Spells: 9/9 levels left

rFire    . . .     SeeInvis .   a - +0 war axe
rCold    . . .     Gourm    .   c - +0 shield
rNeg     . . .     Faith    .   s - +0 ring mail
rPois    .         Spirit   .   (helmet restricted)
rElec    .         Reflect  .   (no cloak)
rCorr    .         Harm     .   (no gloves)
MR       .....                  o - +1 pair of boots
Stlth    ..........             (no amulet)
HPRegen  0.25/turn              (no ring)
MPRegen  0.11/turn              (no ring)

@: lethally poisoned (0 -> -7)
A: retaliatory headbutt, horns 2
a: Renounce Religion


You were on level 9 of the Dungeon.
You worshipped Makhleb.
Makhleb was aware of your devotion.
You were hungry.

You visited 2 branches of the dungeon, and saw 10 of its levels.

You collected 573 gold pieces.

Inventory:

Hand Weapons
 a - a +0 war axe (weapon)
Armour
 c - a +0 shield (worn)
 o - a +1 pair of boots (worn)
 s - a +0 ring mail (worn)
Jewellery
 A - an uncursed ring of resist corrosion {unknown}
 E - an uncursed ring of fire {unknown}
Scrolls
 b - 2 scrolls of fear
 e - a scroll of amnesia {unknown}
 g - a scroll of identify
 h - a scroll of teleportation
 j - 2 scrolls of magic mapping
 n - 2 scrolls of noise {unknown}
 p - a scroll of enchant weapon {unknown}
 q - a scroll of blinking {unknown}
 t - 3 scrolls of remove curse
 x - 2 scrolls of fog {unknown}
 y - a scroll of vulnerability {unknown}
 z - 2 scrolls of enchant armour {unknown}
Potions
 d - a potion of might
 i - 3 potions of heal wounds
 k - 2 potions of curing
 l - a potion of agility
 m - a potion of magic
 r - 5 potions of degeneration
 u - a potion of brilliance
 v - a potion of haste
 w - 2 potions of lignification
 B - 2 potions of cancellation {unknown}
 C - 2 potions of invisibility {unknown}
 D - a potion of resistance {unknown}
Comestibles
 f - 9 rations


   Skills:
 * Level 11.0 Fighting
 * Level 10.8 Axes
 + Level 8.2 Armour
 + Level 8.2 Shields


You had 9 spell levels left.
You didn't know any spells.
Your spell library contained the following spells:

 Spells                   Type           Power        Failure   Level  Hunger
 Animate Skeleton         Necr           N/A          88%         1    ##.....
 Beastly Appendage        Tmut           #.....       88%         1    ##.....
 Flame Tongue             Conj/Fire      #....        88%         1    ##.....
 Pain                     Necr           #...         88%         1    ##.....
 Sticks to Snakes         Tmut           #.......     95%         2    ###....
 Throw Flame              Conj/Fire      #.....       95%         2    ###....
 Conjure Flame            Conj/Fire      #.......     99%         3    ####...
 Inner Flame              Hex/Fire       #.......     99%         3    ####...
 Regeneration             Chrm/Necr      #.........   99%         3    ####...
 Spider Form              Tmut/Pois      #.........   99%         3    ####...
 Vampiric Draining        Necr           #.........   99%         3    ####...
 Animate Dead             Necr           N/A          100%        4    #####..
 Ice Form                 Ice/Tmut       #.......     100%        4    #####..
 Sticky Flame             Conj/Fire      #.......     100%        4    #####..
 Blade Hands              Tmut           #.........   100%        5    ######.
 Fireball                 Conj/Fire      #.........   100%        5    ######.


Dungeon Overview and Level Annotations

Branches:
Dungeon (9/15)             Temple (1/1) D:7            Lair (0/6) D:8
    Orc: D:9-12

Altars:
Ashenzari
Cheibriados
Elyvilon
Fedhas
Gozag
Hepliaklqana
Kikubaaqudgha
Makhleb
Nemelex Xobeh
Okawaru
Qazlal
Ru
Sif Muna
Trog
Uskayaw
Yredelemnul
Zin
The Shining One

Annotations:
D:6 2 transporters


Innate Abilities, Weirdness & Mutations

You reflexively headbutt those who attack you in melee.
You have a pair of horns on your head.


Message History

You feel sick. The killer bee closely misses you.
* * * LOW HITPOINT WARNING * * *
You feel sick. You block the killer bee's attack.
* * * LOW HITPOINT WARNING * * *
You feel sick. The killer bee stings you.
* * * LOW HITPOINT WARNING * * *
As you read the scroll of teleportation, it crumbles to dust.
You feel strangely unstable.
* * * LOW HITPOINT WARNING * * *
You feel sick. You block the killer bee's attack.
The killer bee stings you but does no damage.
* * * LOW HITPOINT WARNING * * *
You feel sick. You block the killer bee's attack.
Your surroundings suddenly seem different.
* * * LOW HITPOINT WARNING * * *
You feel sick.
Found 28 stones.
* * * LOW HITPOINT WARNING * * *
You feel sick.
You die...

###
.(#
#.#
#.#
#.#
#.#
#.#
#@#
#.#
#.#
..#
###


There were no monsters in sight!

Vanquished Creatures
  2 two-headed ogres
  An elephant (D:8)
  A hornet (D:8)
  A yak (D:7)
  An orc warrior (D:6)
  4 ogres
  3 phantoms
  A necrophage (D:7)
  An ice beast (D:8)
  3 sky beasts
  2 centaurs
  2 crocodiles (D:8)
  A water moccasin zombie (D:8)
  3 scorpions
  4 killer bees (D:9)
  5 howler monkeys
  A centaur zombie (D:7)
  2 jellies
  A hound (D:9)
  9 orc priests
  3 orc wizards
  3 iguanas
  2 worker ants
  A hound zombie (D:8)
  3 hound skeletons
  3 gnolls (D:7)
  11 adders
  A shadow imp (D:8)
  4 oozes (D:1)
  5 worms
  A dart slug (D:3)
  10 leopard geckos
  24 orcs
  7 giant cockroaches
  6 goblins
  8 hobgoblins
  10 jackals
  A quokka (D:4)
  2 bats
  A jackal skeleton (D:4)
  10 kobolds
  A quokka skeleton (D:6)
  11 rats
176 creatures vanquished.

Notes
Turn   | Place    | Note
-------+----------+-------------------------------------------
     0 | D:1      | Bluestream the Minotaur Fighter began the quest for the
                  | Orb.
     0 | D:1      | Reached XP level 1. HP: 19/19 MP: 0/0
     0 | D:1      | Noticed a jelly
     1 | D:1      | Found a runed translucent door.
    10 | D:1      | Reached XP level 2. HP: 25/27 MP: 1/1
    18 | D:1      | Reached skill level 4 in Fighting
    30 | D:1      | Reached XP level 3. HP: 14/34 MP: 2/2
   235 | D:1      | Reached XP level 4. HP: 34/41 MP: 3/3
   954 | D:2      | Found a bloodstained altar of Trog.
  1149 | D:2      | Reached skill level 5 in Fighting
  1152 | D:2      | Reached XP level 5. HP: 43/48 MP: 4/4
  1523 | D:2      | Found a glowing golden altar of the Shining One.
  1808 | D:3      | HP: 2/48 [orc priest/divine providence (11)]
  2201 | D:3      | Reached XP level 6. HP: 41/56 MP: 5/5
  2461 | D:3      | Found a blossoming altar of Fedhas.
  2694 | D:4      | Reached skill level 6 in Fighting
  2694 | D:4      | Reached skill level 5 in Axes
  2962 | D:4      | Reached skill level 5 in Armour
  2962 | D:4      | Reached skill level 5 in Shields
  3151 | D:4      | Reached XP level 7. HP: 63/63 MP: 6/6
  3165 | D:4      | Found a hazy altar of Hepliaklqana.
  3438 | D:5      | Entered Level 5 of the Dungeon
  3885 | D:5      | Found a bloodstained altar of Trog.
  4029 | D:5      | Found a stormy altar of Qazlal.
  4049 | D:5      | Found a basalt altar of Yredelemnul.
  4383 | D:6      | Found an opulent altar of Gozag.
  4386 | D:6      | Found a shimmering blue altar of Sif Muna.
  4389 | D:6      | Found a sacrificial altar of Ru.
  4392 | D:6      | Found a hazy altar of Hepliaklqana.
  4451 | D:6      | Reached skill level 7 in Fighting
  4808 | D:6      | Reached XP level 8. HP: 39/73 MP: 7/7
  5200 | D:6      | Found a transporter.
  5200 | D:6      | Noticed a death knight
  5201 | D:6      | Found a hide-covered altar of Uskayaw.
  5228 | D:6      | Found a transporter.
  5514 | D:7      | Reached skill level 8 in Fighting
  5940 | D:7      | Found a staircase to the Ecumenical Temple.
  5945 | Temple   | Entered the Ecumenical Temple
  6046 | Temple   | Became a worshipper of Makhleb the Destroyer
  6570 | D:8      | Noticed a hornet
  6578 | D:8      | Reached skill level 9 in Fighting
  6583 | D:8      | Reached XP level 9. HP: 73/83 MP: 8/8
  6957 | D:8      | Noticed an elephant
  6977 | D:8      | Killed an elephant
  7004 | D:8      | Noticed a two-headed ogre
  7212 | D:8      | Killed a two-headed ogre
  7212 | D:8      | Reached skill level 10 in Fighting
  7529 | D:8      | Found a shattered altar of Ashenzari.
  7560 | D:8      | Reached skill level 10 in Axes
  7581 | D:8      | Reached * piety under Makhleb
  7937 | D:8      | Found a staircase to the Lair.
  8293 | D:9      | Reached XP level 10. HP: 87/94 MP: 9/9
  8323 | D:9      | Noticed a two-headed ogre
  8337 | D:9      | Killed a two-headed ogre
  8458 | D:9      | Reached skill level 11 in Fighting
  8600 | D:9      | HP: 4/95 [poisoned by a killer bee]
  8602 | D:9      | HP: 1/95 [poisoned by a killer bee]
  8604 | D:9      | Succumbed to a killer bee's poison

Levels and vault maps discovered:
D:1:      dpeg_arrival_caged_fury, layout_basic, serial_park_tiny_pond
D:2:      layout_rooms, bloody_trog, tso_altar
D:3:      minmay_door_path, layout_rooms, overflow_temple_1_default
D:4:      layout_rooms, first_ration, chequers_serial_rivers_marsh,
          st_stairs_12, lemuel_tele_altar
D:5:      layout_basic, kennysheep_little_box, nicolae_qazlal_eye_of_the_storm,
          trog_three_pillars_becter
D:6:      layout_basic, gammafunk_temple_overflow_arena,
          grunt_temple_overflow_cloverleaf
D:7:      layout_gridville, minmay_temple_entry_steel_oval
D:8:      layout_cave_pools, nicolae_overflow_crystal_walls, david_lair_generic
D:9:      layout_loops_ring, gammafunk_ghost_grave
Temple:   minmay_temple_curvy_loop

Skill      XL: |  1  2  3  4  5  6  7  8  9 10 |
---------------+-------------------------------+-----
Fighting       | 4 5 6 7 9 10 11 | 11.0
Axes           | 3 4 5 7 8 10 | 10.8
Armour         | 4 5 6 7 8 |  8.2
Shields        | 4 5 6 7 8 |  8.2

Action                   |  1- 3 |  4- 6 |  7- 9 | 10-12 || total
-------------------------+-------+-------+-------+-------++-------
Melee: War axe           |    36 |   173 |   256 |    44 ||   509
       Headbutt          |     3 |    32 |    55 |     6 ||    96
  Use: Scroll            |       |       |    13 |     1 ||    14
  Eat: Chunk             |       |     7 |     7 |       ||    14
       Ration            |       |       |     3 |       ||     3
Armor: Scale mail        |    18 |    67 |       |       ||    85
       Ring mail         |       |    12 |    79 |     8 ||    99
Dodge: Dodged            |    16 |    31 |    83 |    22 ||   152
Block: Shield            |    16 |    85 |   115 |    28 ||   244
